 Dungeon Sprint DCSS version 0.27.1 (webtiles) character file.

Game seed: 3722672026329384744

5278 styxcanada the Imperceptible (level 10, -2/55 HPs)
             Began as a Spriggan Brigand on Aug 22, 2021.
             Was an Initiate of Gozag.
             Slain by a spriggan (7 damage)
             ... in the Dungeon (Sprint IV: "Fedhas' Mad Dash").
             The game lasted 00:09:18 (1340 turns).

styxcanada the Imperceptible (Spriggan Brigand)     Turns: 1340, Time: 00:09:18

Health: -2/55      AC:  3    Str:  7    XL:     10   Next: 36%
Magic:  11/11      EV: 26    Int: 12    God:    Gozag
Gold:   2213       SH:  0    Dex: 21    Spells: 9/9 levels left

rFire    . . .     SeeInvis +   o - +2 dagger (vamp)
rCold    . . .     Faith    .   (shield restricted)
rNeg     . . .     Spirit   .   b - +0 robe
rPois    .         Reflect  .   (helmet restricted)
rElec    .         Harm     .   c - +0 cloak
rCorr    .         Rampage  .   (gloves unavailable)
Will     +....     NoTele   +   (boots unavailable)
Stlth    +++++++++.             l - amulet of invisibility {+Inv}
HPRegen  0.18/turn              (no ring)
MPRegen  0.12/turn              (no ring)

@: very quick
A: very small, no large weapons, unfitting armour, see invisible, speed 3
a: Renounce Religion, Evoke Invisibility, Potion Petition, Call Merchant, Bribe
Branch


You were in the Dungeon.
You worshipped Gozag.
Gozag was most pleased with you.
You visited 1 branch You collected 2433 gold pieces.
You spent 220 gold pieces at shops.

Inventory:

Hand Weapons
 a - a +2 dagger
 o - a +2 vampiric dagger (weapon)
Missiles
 e - a poisoned dart (quivered)
 n - 16 stones
Armour
 b - a +0 robe (worn)
 c - a +0 cloak (worn)
 d - a +0 buckler
Jewellery
 l - the amulet of invisibility (around neck) {+Inv}
   (You found it in the Dungeon)

   [amulet of nothing]

   +Inv:      It lets you turn invisible.
 m - a ring of flight
Scrolls
 k - a scroll of blinking
 p - 3 scrolls of identify
Potions
 f - a potion of curing
 h - a potion of haste
 i - 2 potions of magic


   Skills:
 * Level 7.0 Fighting
 + Level 6.4 Short Blades
 + Level 4.2 Throwing
 * Level 10.9 Dodging
 * Level 24.8 Stealth
 * Level 13.1 Evocations


You had 9 spell levels left.
You didn't know any spells.
Your spell library contained the following spells:

 Spells                   Type           Power      Damage    Failure   Level
 Magic Dart               Conj           0%         1d3       32%         1
 Searing Ray              Conj           0%         3d3       45%         2
 Fulminant Prism          Conj/Hex       0%         3d6       97%         4


Dungeon Overview and Level Annotations

Branches:
Dungeon (1/1)

Altars:
Cheibriados
Dithmenos
Elyvilon
Gozag
Hepliaklqana
Kikubaaqudgha
Makhleb
Nemelex Xobeh
Okawaru
Qazlal
Ru
Sif Muna
Trog
Uskayaw
Vehumet
Wu Jian
Xom
Yredelemnul
Zin
The Shining One
Beogh
Jiyva
Lugonu

Shops:
D *[(!?*


Innate Abilities, Weirdness & Mutations

You are very small and have problems with some larger weapons.
You are too small for most types of armour.
You have supernaturally acute eyesight. (SInv)
You cover ground extremely quickly. (Speed+++)


Message History

You see here a poisoned dart.
You see here a poisoned dart.
There is an open door here.
You see here 2 poisoned darts.
e - 2 poisoned darts The spriggan completely misses you.
You see here a +0 falchion.
The spriggan looks more healthy.
You see here 2 poisoned darts.
Throw: 2 darts (poison)
Press: ? - help, Q - select action, (/) - cycle Shift-Dir - straight line, f/p - spriggan
Aim: a spriggan, wielding a +0 rapier and wearing a +0 robe (moderately wounded, 44% to hit)
You throw a poisoned dart.
The poisoned dart closely misses the spriggan.
You feel much better. The spriggan hits you with a +0 rapier!
You hit the spriggan.
The spriggan is moderately wounded.
The spriggan completely misses you.
You hit the spriggan.
You feel better.
The spriggan is heavily wounded.
The spriggan hits you with a +0 rapier.
You hit the spriggan but do no damage.
The spriggan is heavily wounded.
You hit the spriggan but do no damage.
The spriggan is heavily wounded.
The spriggan hits you with a +0 rapier!
You hit the spriggan.
The spriggan is heavily wounded.
The spriggan closely misses you.
You hit the spriggan but do no damage.
The spriggan is heavily wounded.
You hit the spriggan but do no damage.
The spriggan is heavily wounded.
The spriggan hits you with a +0 rapier!
* * * LOW HITPOINT WARNING * * *
You hit the spriggan.
You feel better.
The spriggan is heavily wounded.
The spriggan hits you with a +0 rapier!
You die...
Your body crumbles into a pile of gold.

############################***
⌠._._._._.⌠.#..'.).#....##∩#*,*
._._._._._.)'..#...#.!..'.|##+#
.._._._._...#..###'##.)[##∩#$$###
._._._._._..#..##∩∩.'...#####....
_._._._._.⌠.#################...∩
#################....(.###.....♣.
♣♣♣♣..♣.###.'(.'@i..().'(((..♣..∩
..i.♣..♣##..#..#.......##########
.♣♣♣.♣).###(##+##......#
♣.)♣...♣).).#*,*########
*############,,,,,**** ,,,,*
***,,*,,*,,,,***
,,,,*****,,,*,,,,,,*,,,****
,,,,,,,,,,,,,*,,,,,∩,∩,,,,*
,,,,,,*********************


You could see a spriggan.

Vanquished Creatures
  A spriggan druid (D)
  6 oklob plants (D)
  A demonic crawler (D)
  A queen bee (D)
  3 wandering mushrooms (D)
  3 burning bushes (D)
  A hornet (D)
  3 scorpions (D)
  4 killer bees (D)
  5 oklob saplings (D)
  4 spriggans (D)
  A river rat (D)
  A rat (D)
  A ballistomycete spore (D)
35 creatures vanquished.

Vanquished Creatures (others)
  2 fungi (D)
2 creatures vanquished.

Grand Total: 37 creatures vanquished

Notes
Turn   | Place    | Note
-------+----------+-------------------------------------------
     0 | D        | styxcanada the Spriggan Brigand began the quest for the
                  | Orb.
     0 | D        | Reached XP level 1. HP: 10/10 MP: 2/2
     9 | D        | Reached skill level 8 in Stealth
     9 | D        | Reached XP level 2. HP: 15/15 MP: 3/3
    67 | D        | Noticed an oklob sapling
    69 | D        | Killed an oklob sapling
    70 | D        | Reached skill level 10 in Stealth
    70 | D        | Reached XP level 3. HP: 18/18 MP: 4/4
    71 | D        | Noticed a scorpion
    71 | D        | Found the amulet of invisibility {+Inv}
    73 | D        | Killed a scorpion
    74 | D        | Reached skill level 12 in Stealth
    74 | D        | Reached XP level 4. HP: 23/23 MP: 5/5
    96 | D        | Found an opulent altar of Gozag.
    96 | D        | Found a hazy altar of Hepliaklqana.
    96 | D        | Found a burning altar of Makhleb.
    96 | D        | Found a sparkling altar of Nemelex Xobeh.
    96 | D        | Found a snail-covered altar of Cheibriados.
    96 | D        | Found a sacrificial altar of Ru.
    96 | D        | Found a shimmering blue altar of Sif Muna.
    96 | D        | Found a shimmering altar of Xom.
    96 | D        | Found a basalt altar of Yredelemnul.
    97 | D        | Found a viscous altar of Jiyva.
    97 | D        | Found a bloodstained altar of Trog.
    97 | D        | Found an ornate altar of the Wu Jian Council.
    98 | D        | Found an iron altar of Okawaru.
    98 | D        | Found a shadowy altar of Dithmenos.
    98 | D        | Found a glowing silver altar of Zin.
    99 | D        | Found an ancient bone altar of Kikubaaqudgha.
    99 | D        | Found a hide-covered altar of Uskayaw.
   100 | D        | Found a stormy altar of Qazlal.
   100 | D        | Found a white marble altar of Elyvilon.
   100 | D        | Found a glowing golden altar of the Shining One.
   101 | D        | Became a worshipper of Gozag Ym Sagoz the Greedy
   102 | D        | Found a corrupted altar of Lugonu.
   102 | D        | Found a radiant altar of Vehumet.
   108 | D        | Reached skill level 13 in Stealth
   108 | D        | Reached skill level 1 in Evocations
   108 | D        | Reached XP level 5. HP: 28/28 MP: 3/6
   171 | D        | Reached skill level 14 in Stealth
   177 | D        | Reached skill level 5 in Dodging
   178 | D        | Reached skill level 15 in Stealth
   194 | D        | Reached XP level 6. HP: 26/32 MP: 7/7
   259 | D        | Found Qoploqynk's Armour Shop.
   260 | D        | Found Cytoroeh's Assorted Antiques.
   265 | D        | Bought a yellow potion for 27 gold pieces
   265 | D        | Bought a scroll labelled BUOLAU YRYEKIHAO for 31 gold
                  | pieces
   265 | D        | Bought a scroll labelled NEFFAECIMA for 31 gold pieces
   265 | D        | Bought a scroll labelled NEFFAECIMA for 31 gold pieces
   268 | D        | Noticed a burning bush
   268 | D        | Noticed a wandering mushroom
   269 | D        | Noticed a wandering mushroom
   273 | D        | Killed a wandering mushroom
   274 | D        | Reached skill level 17 in Stealth
   274 | D        | Killed a wandering mushroom
   275 | D        | Reached skill level 19 in Stealth
   275 | D        | Reached skill level 5 in Evocations
   275 | D        | Reached XP level 7. HP: 22/38 MP: 5/8
   427 | D        | Killed a burning bush
   465 | D        | Found Lorhaci's Distillery.
   465 | D        | Found Tiyka's Antique Weapon Shoppe.
   473 | D        | Bought a potion of berserk rage for 50 gold pieces
   473 | D        | Bought a potion of heal wounds for 50 gold pieces
   604 | D        | Reached XP level 8. HP: 42/42 MP: 6/9
   610 | D        | Noticed a queen bee
   620 | D        | Reached skill level 20 in Stealth
   624 | D        | Reached skill level 5 in Fighting
   625 | D        | Killed a queen bee
   692 | D        | Noticed an oklob plant
   695 | D        | Killed an oklob plant
   696 | D        | Reached skill level 5 in Short Blades
   696 | D        | Reached skill level 21 in Stealth
   739 | D        | Noticed a burning bush
   742 | D        | Killed a burning bush
   743 | D        | Reached XP level 9. HP: 47/47 MP: 7/10
   807 | D        | Noticed a burning bush
   807 | D        | Noticed an oklob plant
   808 | D        | Noticed a wandering mushroom
   809 | D        | Killed a burning bush
   810 | D        | Reached skill level 22 in Stealth
   819 | D        | Killed an oklob plant
   820 | D        | Reached skill level 10 in Evocations
   821 | D        | Killed a wandering mushroom
   996 | D        | Noticed a spriggan druid
   998 | D        | Killed a spriggan druid
   999 | D        | Reached skill level 10 in Dodging
   999 | D        | Reached skill level 23 in Stealth
  1016 | D        | Noticed an oklob plant conjurer
  1017 | D        | Killed an oklob plant conjurer
  1069 | D        | Noticed an oklob plant
  1069 | D        | Noticed an oklob plant summoner
  1070 | D        | Noticed an oklob plant shifter
  1074 | D        | Killed an oklob plant
  1075 | D        | Reached XP level 10. HP: 53/53 MP: 8/11
  1076 | D        | Killed an oklob plant summoner
  1077 | D        | Reached skill level 24 in Stealth
  1079 | D        | Killed an oklob plant shifter
  1151 | D        | Noticed a spriggan rider
  1152 | D        | Found Okkoivvi's Magic Scroll Emporium.
  1309 | D        | Found Liluy's General Store.
  1340 | D        | Slain by a spriggan

Illustrated notes

Levels and vault maps discovered:
D:        dungeon_sprint_fedhas [sprint_temple]

Skill      XL: |  1  2  3  4  5  6  7  8  9 10 |
---------------+-------------------------------+-----
Dodging        | 2 3 4 5 7 9 10 | 10.9
Stealth        | 8 10 12 13 15 19 21 23 24 | 24.8
Fighting       | 2 3 4 5 6 7 |  7.0
Short Blades   | 3 4 5 6 |  6.4
Evocations     | 1 3 5 6 9 12 13 | 13.1
Throwing       | 3 4 |  4.2

Action                   |  1- 3 |  4- 6 |  7- 9 | 10-12 || total
-------------------------+-------+-------+-------+-------++-------
Melee: Dagger            |    10 |    11 |    41 |    19 ||    81
Throw: Dart              |       |     4 |       |    14 ||    18
       Stone             |       |       |       |     4 ||     4
 Abil: Evoke Invisibilit |       |     3 |     7 |     1 ||    11
  Use: Scroll            |       |     1 |     2 |       ||     3
       Potion            |       |       |     1 |     3 ||     4
 Stab: Sleeping          |     3 |     6 |    11 |     2 ||    22
       Invisible         |       |       |     7 |     1 ||     8
Armor: Robe              |     1 |       |       |     1 ||     2
Dodge: Dodged            |     3 |     3 |    13 |    16 ||    35
